 Dungeon Crawl Stone Soup version 0.21.0 (webtiles) character file.

192 tv1990 the Shield-Bearer (level 6, -10/48 HPs)
             Began as a Formicid Fighter on Jan 6, 2018.
             Was an Initiate of Okawaru.
             Mangled by an ogre
             ... wielding a +0 giant club
              (20 damage)
             ... on level 4 of the Dungeon.
             The game lasted 00:04:28 (2160 turns).

tv1990 the Shield-Bearer (Formicid Fighter)         Turns: 2160, Time: 00:04:28

Health: -10/48     AC:  8    Str: 20    XL:     6   Next: 2%
Magic:  6/8        EV:  8    Int:  8    God:    Okawaru [......]
Gold:   99         SH:  9    Dex: 12    Spells: 5/5 levels left

rFire    . . .     SeeInvis +   a - +0 war axe
rCold    . . .     Gourm    .   c - +0 shield
rNeg     . . .     Faith    .   b - +0 scale mail
rPois    .         Spirit   .   (helmet unavailable)
rElec    .         Reflect  .   (no cloak)
rCorr    .         Harm     .   h - +0 pair of gloves
MR       .....                  (no boots)
Stlth    ..........             (no amulet)
HPRegen  0.16/turn              (no ring)
MPRegen  0.11/turn              (no ring)

@: lethally poisoned (-10 -> -18)
A: permanent stasis, dig shafts and tunnels, four strong arms, antennae 3
a: Dig, Shaft Self, Renounce Religion


You were on level 4 of the Dungeon.
You worshipped Okawaru.
Okawaru was noncommittal.
You were hungry.

You visited 1 branch of the dungeon, and saw 4 of its levels.

You collected 99 gold pieces.

Inventory:

Hand Weapons
 a - a +0 war axe (weapon)
Armour
 b - a +0 scale mail (worn)
 c - a +0 shield (worn)
 h - a +0 pair of gloves (worn)
Jewellery
 o - an uncursed ring of fire {unknown}
Scrolls
 e - a scroll of remove curse {unknown}
 j - 6 scrolls of identify {unknown}
 l - a scroll of fear {unknown}
 n - a scroll of enchant weapon {unknown}
 p - a scroll of noise {unknown}
 t - a scroll of teleportation {unknown}
Potions
 d - a potion of might
 g - 2 potions of degeneration {unknown}
 i - a potion of flight {unknown}
 k - 2 potions of invisibility {unknown}
 m - a potion of lignification {unknown}
 q - a potion of heal wounds {unknown}
 r - 3 potions of curing {unknown}
 u - a potion of agility {unknown}
Comestibles
 f - 5 rations


   Skills:
 - Level 3.8 Fighting
 + Level 4.2 Axes
 - Level 3.2 Armour
 - Level 4.2 Shields
 + Level 3.1 Invocations


You had 5 spell levels left.
You didn't know any spells.

Dungeon Overview and Level Annotations

Branches:
Dungeon (4/15)
 Temple: D:4-7

Altars:
Ashenzari
Cheibriados
Elyvilon
Gozag
Hepliaklqana
Okawaru


Innate Abilities, Weirdness & Mutations

You cannot be hasted, slowed, berserked, paralysed or teleported.
You can dig through walls and to a lower floor.
Your four strong arms can wield two-handed weapons with a shield.
You have a pair of large antennae on your head. (SInv)


Message History

You feel sick. You block the scorpion's attack. The ogre barely misses you.
You hit the scorpion. You hit the ogre.
You feel sick. The scorpion barely misses you. The ogre completely misses you.
You hit the scorpion.
You kill the scorpion!
Okawaru accepts your kill.
Your Axes skill increases to level 4!
Your Invocations skill increases to level 3!
You have reached level 6!
Your experience leads to an increase in your attributes!
Increase (S)trength, (I)ntelligence, or (D)exterity?
You feel agile.
You hit the ogre but do no damage.
You are feeling hungry.
You feel sick. The ogre hits you with a giant club.
* * * LOW HITPOINT WARNING * * *
You hit the ogre but do no damage.
* * * LOW HITPOINT WARNING * * *
You feel sick. The ogre hits you with a giant club!!
You die...

##########
#........#
+........#
#........#
####<..#.# {
##....### ##
#######...#..#
........_....#
+###+..@.....#
......O†.....#
....._..8.._.#
.............#
.............#
........_....#
.............#
.............#


You could see an ogre.

Vanquished Creatures
  A scorpion (D:4)
  A worker ant (D:4)
  4 adders
  2 oozes
  2 worms
  2 dart slugs
  5 leopard geckos
  3 giant cockroaches
  6 goblins
  6 hobgoblins
  A quokka (D:4)
  6 bats
  5 frilled lizards
  9 kobolds
  10 rats
63 creatures vanquished.

Notes
Turn   | Place    | Note
-------+----------+-------------------------------------------
     0 | D:1      | tv1990 the Formicid Fighter began the quest for the Orb.
     0 | D:1      | Reached XP level 1. HP: 18/18 MP: 1/1
   121 | D:1      | Reached XP level 2. HP: 24/24 MP: 2/2
   250 | D:1      | Reached XP level 3. HP: 26/29 MP: 3/3
   687 | D:2      | Reached XP level 4. HP: 26/37 MP: 4/4
   727 | D:2      | Found an opulent altar of Gozag.
   736 | D:2      | Found an iron altar of Okawaru.
   775 | D:2      | Became a worshipper of Warmaster Okawaru
   887 | D:2      | Reached skill level 1 in Invocations
  1362 | D:3      | Reached XP level 5. HP: 42/42 MP: 6/6
  2132 | D:4      | Found a snail-covered altar of Cheibriados.
  2138 | D:4      | Found a white marble altar of Elyvilon.
  2140 | D:4      | Found a shattered altar of Ashenzari.
  2140 | D:4      | Found a hazy altar of Hepliaklqana.
  2148 | D:4      | Noticed an ogre
  2159 | D:4      | Reached XP level 6. HP: 16/48 MP: 6/8
  2160 | D:4      | Mangled by an ogre

Skill      XL: |  1  2  3  4  5 |
---------------+----------------+-----
Shields        | 4 |  4.2
Axes           | 3 4 |  4.2
Invocations    | 1 3 |  3.1
Fighting       | |  3.8
Armour         | |  3.2

Action                   |  1- 3 |  4- 6 || total
-------------------------+-------+-------++-------
Melee: War axe           |    84 |   136 ||   220
  Eat: Chunk             |       |     4 ||     4
Armor: Scale mail        |    41 |    69 ||   110
Dodge: Dodged            |    28 |    59 ||    87
Block: Shield            |    31 |    82 ||   113

Vault maps used:
D:1:      dpeg_arrival_round_b
D:2:      minitemple, dk_noncrumbling_3
D:3:      kennysheep_cross_room
D:4:      minmay_door_path, grunt_temple_overflow_open, first_ration,
          serial_shops, shop
